 Dungeon Crawl Stone Soup version bcrawl-1.19.1 (webtiles) character file.

Game seed: 10910631222724783564

62 Revguard the Insei (level 3, 0/25 HPs)
             Began as a Draconian Transmuter on Nov 27, 2019.
             Was an Initiate of Wu Jian.
             Slain by an orc priest
             ... wielding a +0 mace
              (3 damage)
             ... on level 3 of the Dungeon on Nov 28, 2019.
             The game lasted 00:07:08 (1833 turns).

Revguard the Insei (Draconian Transmuter)           Turns: 1833, Time: 00:07:08

Health: 0/25       AC:  5    Str: 12    XL:     3   Next: 85%
Magic:  1/6        EV: 12    Int: 13    God:    Wu Jian [......]
Gold:   202        SH:  0    Dex: 12    Spells: 0/6 levels left

rFire    + + .     SeeInvis +     - Unarmed
rCold    + . .     Gourm    .   (no shield)
rNeg     . . .     Faith    .   (armour unavailable)
rPois    +         Spirit   .   (helmet restricted)
rElec    +         Reflect  .   (no cloak)
rCorr    +         Harm     .   (no gloves)
MR       .....                  (no boots)
Stlth    +.........             (no amulet)
HPRegen  0.08/turn              h - ring of see invisible
MPRegen  0.10/turn              (no ring)

@: appendage, resistant, very slightly contaminated
A: unfitting armour, horns 2, fire resistance 1, frail 1, cold-blooded, AC +5
a: End Transformation, Renounce Religion


You were on level 3 of the Dungeon.
You worshipped Wu Jian.
Wu Jian was noncommittal.
You were not hungry.
You had grown temporary horns.
You visited 1 branch of the dungeon, and saw 3 of its levels.

You collected 202 gold pieces.

Inventory:

Missiles
 a - 120 arrows (quivered)
Jewellery
 h - a ring of see invisible (left hand)
Scrolls
 b - a scroll of magic mapping
 e - a scroll of identify
 i - a scroll of enchant weapon {unknown}
Potions
 c - a potion of lignification
 g - 2 potions of curing
Comestibles
 d - 8 rations {!d}
 m - a chunk of flesh


   Skills:
 + Level 1.3 Fighting
 + Level 2.0 Dodging
 + Level 4.1 Unarmed Combat
 + Level 2.2 Spellcasting
 + Level 2.4 Transmutations


You couldn't memorise any spells.
You knew the following spells:

 Your Spells              Type           Power        Failure   Level  Hunger
a - Beastly Appendage     Tmut           #.....       9%          1    ##.....
b - Sticks to Snakes      Tmut           #.......     14%         2    ###....
c - Spider Form           Tmut/Pois      #..          41%         3    ####...

Your spell library contained the following spells:

 Spells                   Type           Power        Failure   Level  Hunger
 Ice Form                 Ice/Tmut       #.......     83%         4    #####..
 Blade Hands              Tmut           #.........   94%         5    ######.


Dungeon Overview and Level Annotations

Branches:
Dungeon (3/12)

Altars:
Fedhas
Wu Jian
Xom


Innate Abilities, Weirdness & Mutations

Your plain brown scales are hard. (AC +5)
You cannot fit into any form of body armour.
You are cold-blooded and may be slowed by cold attacks.
You have a pair of horns on your head.
Your flesh is heat resistant. (rF+)
You are frail. (-10% HP)


Message History

The orc priest is moderately wounded.
The orc priest hits you with a +0 mace.
Casting: Spider Form (slightly dangerous; 41% risk of failure)
Confirm with . or Enter, or press ? or * to list all spells.
You grow a pair of large bovine horns.
The orc closely misses you.
You barely miss the orc priest. Your headbutt misses the orc priest.
The orc priest is moderately wounded.
The orc wizard gestures wildly while chanting.
The orc wizard blinks!
The orc priest calls upon Beogh to heal the orc.
The orc's wounds heal themselves!
The orc hits you with a +0 short sword.
* * * LOW HITPOINT WARNING * * *
The orc wizard mumbles some strange words.
The orc wizard blinks!
You hit the orc priest.
The orc priest is moderately wounded.
The orc hits you with a +0 short sword.
* * * LOW HITPOINT WARNING * * *
The orc priest hits you with a +0 mace.
You die...

#......###.# ###
########.)#### ....
.........§...##
#...
######.#.##..###..
#.......o.)........
..##..###.#........
#.####§..#######
#.. #.oo### #..
#.#@# _. #. ...#.#
... #.#.####.[ #.#
# # #..# #.# [.
...# #.####... ##.#
#.......## ..
...#..... #. .....#
.#


You could see an orc priest, an orc wizard and an orc.

Vanquished Creatures
  An adder (D:3)
  An ooze (D:2)
  A dart slug (D:1)
  2 leopard geckos (D:2)
  2 orcs (D:3)
  A ball python (D:1)
  5 bats
  2 giant cockroaches
  4 goblins
  8 hobgoblins
  A quokka (D:3)
  2 frilled lizards
  5 kobolds
  4 rats
39 creatures vanquished.

Notes
Turn   | Place    | Note
-------+----------+-------------------------------------------
     0 | D:1      | Revguard the Draconian Transmuter began the quest for the
                  | Orb.
     0 | D:1      | Reached XP level 1. HP: 16/16 MP: 3/3
   146 | D:1      | Reached XP level 2. HP: 23/23 MP: 3/5
   166 | D:1      | Learned a level 2 spell: Sticks to Snakes
   841 | D:2      | Reached XP level 3. HP: 26/28 MP: 4/6
   858 | D:2      | Learned a level 3 spell: Spider Form
  1530 | D:2      | Gained mutation: You are frail. (-10% HP) [potion of
                  | mutation]
  1530 | D:2      | Gained mutation: Your flesh is heat resistant. (rF+)
                  | [potion of mutation]
  1585 | D:3      | Reached skill level 4 in Unarmed Combat
  1610 | D:3      | Found a shimmering altar of Xom.
  1633 | D:3      | Found a blossoming altar of Fedhas.
  1700 | D:3      | Found an ornate altar of the Wu Jian Council.
  1707 | D:3      | Became a worshipper of the Wu Jian Council
  1833 | D:3      | Slain by an orc priest

Skill      XL: |  1  2  3 |
---------------+----------+-----
Dodging        | 2 |  2.0
Unarmed Combat | 4 |  4.1
Fighting       | |  1.3
Spellcasting   | |  2.2
Transmutations | |  2.4

Action                   || total
-------------------------++-------
Melee: Unarmed           ||   137
       Headbutt          ||     4
       Kick              ||    10
       Tailslap          ||    13
 Cast: Beastly Appendage ||    24
       Spider Form       ||     3
Invok: Whirlwind         ||    12
       Lunge             ||     1
  Use: Scroll            ||     5
       Potion            ||     4
  Eat: Chunk             ||     4
Armor: Skin              ||    40
Dodge: Dodged            ||    80
